 Dungeon Crawl Stone Soup version 0.20-a0-1089-g3fde505 (webtiles) character file.

37219 M4edhros the Covert (level 13, -4/92 HPs)
             Began as an Octopode Artificer on May 4, 2017.
             Was the Champion of Okawaru.
             Slain by a wolf (29 damage)
             ... on level 4 of the Lair of Beasts.
             The game lasted 00:47:22 (19128 turns).

M4edhros the Covert (Octopode Artificer)           Turns: 19128, Time: 00:47:22

Health: -4/92      AC:  1    Str: 16    XL:     13   Next: 95%
Magic:  19/19      EV: 21    Int: 16    God:    Okawaru [******]
Gold:   726        SH:  0    Dex: 17    Spells: 3/15 levels left

rFire    + + .     SeeInvis +   B - +7 war axe of Blind Justice {vamp, +Blink +Rage}
rCold    . . .     Gourm    .   A - +2 buckler {reflect}
rNeg     . . .     Faith    .   (no amulet)
rPois    +         Spirit   .   y - ring of poison resistance
rElec    .         Reflect  +   W - +3 ring of intelligence
rCorr    +         Harm     .   X - ring of resist corrosion
MR       .....                  p - ring of protection from fire
Stlth    ++++++....             (no ring)
Regen    0.3/turn               (no ring)
MPRegen  0.2/turn               (no ring)
                                (no ring)

@: sleeping
A: almost no armour, stealthy swim, amphibious, 8 rings, constrict 8, antennae
3, camouflage 1, fire resistance 1, high mp 1, screaming 1, strong 2, gelatinous
body 1
a: Heroism, Finesse, Renounce Religion, Evoke Blink, Evoke Berserk Rage


You were on level 4 of the Lair of Beasts.
You worshipped Okawaru.
Okawaru was exalted by your worship.
You were not hungry.

You visited 4 branches of the dungeon, and saw 20 of its levels.
You also visited: Sewer, Ossuary and Bailey.

You collected 1751 gold pieces.
You spent 1025 gold pieces at shops.

Inventory:

Hand Weapons
 a - the +6 hunting sling "Hell-Harrower" {freeze, rElec Int+2, unknown}
   (Okawaru gifted it to you on level 4 of the Lair of Beasts)

   It causes projectiles fired from it to freeze those they strike, causing
   extra injury to most foes and up to half again as much damage against
   particularly susceptible opponents.
   They can also slow down cold-blooded creatures.
   It affects your intelligence (+2).
   It insulates you from electricity.
 o - a +6 short sword of venom
 q - the +6 fustibalus of the Horn {venom, +Blink Int+4 Dex-5}
   (You bought it in a shop on level 2 of the Orcish Mines)

   It poisons the ammo it fires.
   It affects your intelligence (+4).
   It affects your dexterity (-5).
   It lets you blink.
 B - the +7 war axe of Blind Justice (weapon) {vamp, +Blink +Rage}
   (You found it on level 9 of the Dungeon)

   It inflicts no extra harm, but heals its wielder when it wounds a living foe.
   It lets you blink.
   It lets you go berserk.
Missiles
 L - 14 throwing nets (quivered)
 R - 139 sling bullets
 S - 293 stones
Armour
 A - a +2 buckler of reflection (worn)
Jewellery
 p - a ring of protection from fire (on tentacle)
 y - a ring of poison resistance (left tentacle)
 W - a +3 ring of intelligence (right tentacle)
 X - a ring of resist corrosion (on tentacle)
Wands
 b - a wand of flame (2/48)
 d - a wand of disintegration (7/24)
 e - a wand of lightning (10/15)
 i - a wand of confusion (10/48)
 F - a wand of digging (13/24)
 K - a wand of digging (9/24)
 T - a wand of acid (6/15)
Scrolls
 j - 9 scrolls of teleportation
 k - 4 scrolls of magic mapping
 l - a scroll of identify
 G - a scroll of recharging
 M - 2 scrolls of fog
Potions
 g - 3 potions of flight
 t - 2 potions of magic
 u - 4 potions of might
 w - a potion of haste
 z - a potion of brilliance
 J - 2 potions of ambrosia
 N - a potion of berserk rage {unknown}
 O - a potion of mutation
Books
 H - a book of Battle

   Spells                             Type                      Level
   a - Infusion                       Charms                       1
   b - Shroud of Golubria             Charms/Translocation         2
   c - Song of Slaying                Charms                       2
   d - Spectral Weapon                Hexes/Charms                 3
   e - Regeneration                   Charms/Necromancy            3
 V - a book of Callings

   Spells                             Type                      Level
   a - Summon Small Mammal            Summoning                    1
   b - Call Imp                       Summoning                    2
   c - Call Canine Familiar           Summoning                    3
   d - Summon Guardian Golem          Hexes/Summoning              3
   e - Summon Lightning Spire         Summoning/Air                4
   f - Summon Ice Beast               Ice/Summoning                4
 Z - a book of Changes

   Spells                             Type                      Level
   a - Beastly Appendage              Transmutation                1
   b - Sticks to Snakes               Transmutation                2
   c - Spider Form                    Transmutation/Poison         3
   d - Ice Form                       Ice/Transmutation            4
   e - Blade Hands                    Transmutation                5
Miscellaneous
 h - a sack of spiders
 U - a phantom mirror
Comestibles
 c - 6 royal jellies
 f - 14 bread rations
 r - 13 meat rations
 E - 23 fruits


   Skills:
 + Level 10.0 Fighting
 - Level 1.8 Short Blades
 * Level 9.8 Axes
 - Level 6.1 Slings
 + Level 10.5 Dodging
 - Level 12.9 Stealth
 - Level 8.9 Shields
 * Level 1.7 Spellcasting
 + Level 1.6 Charms
 + Level 1.6 Summonings
 + Level 1.3 Necromancy
 + Level 1.5 Air Magic
 - Level 4.3 Invocations
 - Level 6.3 Evocations


You had 3 spell levels left.
You knew the following spells:

 Your Spells              Type           Power        Failure   Level  Hunger
a - Regeneration          Chrm/Necr      #.........   34%         3    ####...
b - Spectral Weapon       Hex/Chrm       #.......     43%         3    ####...
c - Song of Slaying       Chrm           #.......     17%         2    ###....
d - Summon Lightning Spi  Summ/Air       #.......     75%         4    #####..


Dungeon Overview and Level Annotations

Branches:
Dungeon (13/15)            Temple (1/1) D:4            Lair (4/6) D:8
  Swamp (0/4) Lair:3          Orc (2/2) D:10            Elf (0/3) Orc:2
  Snake: Lair:2-4    Spider: Lair:2-4    Vaults: D:13-14

Altars:
Ashenzari
Cheibriados
Dithmenos
Elyvilon
Fedhas
Gozag
Hepliaklqana
Kikubaaqudgha
Makhleb
Nemelex Xobeh
Okawaru
Qazlal
Ru
Sif Muna
Trog
Uskayaw
Vehumet
Wu Jian
Xom
Yredelemnul
Zin
The Shining One
Beogh

Shops:
Orc:2 ?*!?*

Portals:
Trove: D:12 (give 15 scrolls of teleportation)

Annotations:
D:5 1 runed door
D:11 exclusion: hydra
Lair:2 exclusion: 4 oklob plants
Lair:4 Josephine


Innate Abilities, Weirdness & Mutations

You cannot wear most types of armour.
You are very stealthy in the water. (Stealth+)
You are amphibious.
You can wear up to eight rings at the same time.
You can use your tentacles to constrict eight enemies at once.
Your skin changes colour to match your surroundings (Stealth+).
Your rubbery body absorbs attacks. (AC +1, EV +1)
You have a pair of large antennae on your head. (SInv)
Your flesh is heat resistant. (rF+)
You have an increased reservoir of magic. (+10% MP)
You occasionally shout uncontrollably at your foes.
Your muscles are very strong. (Str +4)


Message History

You start resting.
You feel sick. x9
A jumping spider is nearby!
You start resting.
You feel sick.
You start resting.
You feel sick.
A jumping spider is nearby!
A dream sheep comes into view.
You shout at the dream sheep!
You feel sick.
The dream sheep bleats!
You hear a howl!
You hear a bleat!
You hear an angry hiss.
You hear a bleat! x4
The dream sheep "Baaaas" balefully.
The dream sheep shake their wool and sparkle.
You feel drowsy...
You fall asleep.
A dream sheep comes into view.
You feel sick.
You are no longer poisoned.
The wolf misses you. x2
The wolf bites you!!
You die...

..##.......# #####P.....#####....
...+.......# #..##.....P##.###...
............ #........s##........
...#.......###..###h...##........
...#.......##...##.....##........
..##.......s.'..##.......♣♣...♣..
...........##..####....♣........♣
##...........Ps###...♣...........
...#.........P.#@##..............
.................h..♣♣...........
................Ys..♣.......†....
..........................[......
.................................
.. ##s...........Y.........)†.†..
# #........................8....
#..<....P#.+###...............
.#......##.+###.♣.............


You could see a jumping spider, a wolf and 2 dream sheep.

Vanquished Creatures
  The ghost of Rrauwl the Impaler, an adept FoFi of Okawaru (Orc:2)
  Snorg (D:12)
  Harold (D:12)
  A two-headed ogre (D:9)
  5 orc high priests (Orc:2)
  2 steam dragons
  An orc sorcerer (Orc:1)
  2 orc knights (Bailey)
  2 ugly things (D:12)
  A cyclops (D:9)
  A moth of wrath (D:12)
  4 black mambas
  3 elephants (Lair:4)
  Joseph (D:7)
  3 spiny frogs
  3 rime drakes
  3 komodo dragons
  A guardian mummy (D:12)
  5 trolls
  A human (D:7)
  2 jumping spiders (Lair:4)
  A hornet (D:12)
  A queen bee (Lair:3)
  A polar bear (Lair:4)
  3 hippogriffs
  Sigmund (D:6)
  A wyvern (D:8)
  17 yaks
  A hog (D:7)
  2 redbacks (Lair:4)
  A basilisk (Lair:2)
  A hungry ghost (D:11)
  9 centaurs
  3 wargs
  An acid dragon (D:12)
  4 porcupines (Lair:1)
  3 water moccasins
  A floating eye (Orc:2)
  18 orc warriors
  A sky beast (D:12)
  Duvessa (D:4)
  4 ice beasts
  A black bear (D:11)
  A hornet zombie (D:11)
  7 ogres
  An eye of draining (D:12)
  A necrophage (D:6)
  A phantom (D:11)
  20 wolves (Lair:4)
  6 crocodiles
  2 big kobolds
  9 bullfrogs
  A wyvern zombie (D:12)
  Blork the orc (D:4)
  Dowan (D:4)
  2 scorpions
  33 killer bees
  13 wights
  An electric eel (D:9)
  3 centaur zombies
  7 crimson imps
  A quasit (D:12)
  6 hounds
  44 orc priests
  Crazy Yiuf (D:2)
  A centaur skeleton (D:9)
  4 bullfrog skeletons
  4 iguanas
  18 orc wizards
  Ijyb (D:4)
  A gnoll shaman (Orc:1)
  Natasha (thrice) (D:2)
  Terence (D:3)
  9 worker ants
  2 big kobold zombies (Ossuary)
  4 mummies (Ossuary)
  A hound skeleton (D:6)
  Robin (D:4)
  9 gnolls
  12 adders
  2 river rats (Sewer)
  A shadow imp (D:10)
  3 oozes
  2 adder zombies
  An adder skeleton (D:8)
  2 worms
  3 leopard geckos
  105 orcs
  3 bats
  3 giant cockroaches
  11 goblins
  4 hobgoblins
  19 jackals
  11 kobolds
  4 quokkas
  3 ball pythons
  11 frilled lizards
  4 hobgoblin zombies (Ossuary)
  2 jackal skeletons
  A jackal zombie (D:6)
  2 quokka skeletons
  7 rats
557 creatures vanquished.

Vanquished Creatures (collateral kills)
  Gastronok (Orc:1)
  A two-headed ogre (D:8)
  2 komodo dragons (D:8)
  A hog (D:7)
  An ogre (D:5)
  A centaur (D:8)
  A crocodile (D:8)
  A killer bee (Lair:3)
  2 wights (D:8)
  A centaur zombie (D:8)
  An orc wizard (D:5)
  A mummy (Ossuary)
  5 orcs
  A goblin (D:4)
  2 hobgoblins (D:4)
  3 jackals (D:8)
25 creatures vanquished.

Vanquished Creatures (others)
  A hog (D:7)
  A wight (D:8)
  2 orc wizards (D:5)
  3 gnolls (D:8)
  A leopard gecko (D:6)
  2 fungi (Lair:4)
  6 plants
16 creatures vanquished.

Grand Total: 598 creatures vanquished

Notes
Turn   | Place    | Note
-------+----------+-------------------------------------------
     0 | D:1      | M4edhros the Octopode Artificer began the quest for the Orb.
     0 | D:1      | Reached XP level 1. HP: 13/13 MP: 3/3
    29 | D:1      | Reached skill level 2 in Stealth
    73 | D:1      | Reached XP level 2. HP: 18/18 MP: 4/4
   102 | D:1      | Reached skill level 3 in Stealth
   213 | D:2      | Found a deep blue altar of Sif Muna.
   396 | D:3      | Reached skill level 4 in Stealth
   396 | D:3      | Reached XP level 3. HP: 23/23 MP: 5/5
   443 | D:4      | Noticed Duvessa
   447 | D:4      | Noticed Dowan
   456 | D:4      | Killed Dowan
   456 | D:4      | Reached skill level 5 in Stealth
   456 | D:4      | Reached XP level 4. HP: 16/28 MP: 6/6
   458 | D:4      | Killed Duvessa
   458 | D:4      | Reached skill level 7 in Stealth
   458 | D:4      | Reached XP level 5. HP: 20/33 MP: 7/7
   502 | D:4      | Noticed Robin
   511 | D:4      | Killed Robin
   536 | D:4      | Found a staircase to the Ecumenical Temple.
   536 | D:4      | Noticed Blork the orc
   539 | D:4      | Found a faded altar of an unknown god.
   551 | Temple   | Entered the Ecumenical Temple
   651 | Temple   | Became a worshipper of Warmaster Okawaru
   667 | D:4      | Killed Blork the orc
   667 | D:4      | Reached XP level 6. HP: 28/38 MP: 8/8
   749 | D:3      | Found a glowing drain.
   759 | Sewer    | Entered a sewer
  1636 | D:2      | Noticed Natasha
  1638 | D:2      | Killed Natasha
  1638 | D:2      | Reached skill level 8 in Stealth
  1694 | D:2      | Found an opulent altar of Gozag.
  1707 | D:2      | Noticed Natasha
  1713 | D:2      | Killed Natasha
  1932 | D:2      | Found a runed door.
  1996 | D:2      | Noticed Natasha
  2008 | D:2      | Killed Natasha
  2118 | D:2      | Noticed Crazy Yiuf
  2122 | D:2      | Killed Crazy Yiuf
  2175 | D:3      | Reached XP level 7. HP: 43/45 MP: 9/9
  2197 | D:3      | Noticed Terence
  2202 | D:3      | Killed Terence
  2958 | D:4      | Noticed Ijyb
  2968 | D:4      | Killed Ijyb
  3182 | D:4      | Reached * piety under Okawaru
  3554 | D:5      | Entered Level 5 of the Dungeon
  3563 | D:5      | Reached skill level 9 in Stealth
  3615 | D:5      | Found a glowing silver altar of Zin.
  3615 | D:5      | Noticed an angel
  3616 | D:5      | Found a runed door.
  3646 | D:5      | Reached XP level 8. HP: 28/54 MP: 10/10
  3664 | D:5      | Reached ** piety under Okawaru
  3975 | D:5      | Found an ornate altar of the Wu Jian Council.
  4078 | D:5      | Gained mutation: Your body sometimes deteriorates upon taking damage. [potion of mutation]
  4078 | D:5      | Gained mutation: Your mind is acute. (Int +2) [potion of mutation]
  4079 | D:5      | Lost mutation: Your body sometimes deteriorates upon taking damage. [potion of mutation]
  4079 | D:5      | Lost mutation: Your mind is acute. (Int +2) [potion of mutation]
  4079 | D:5      | Gained mutation: You are somewhat resistant to further mutation. [potion of mutation]
  4359 | D:6      | Noticed Sigmund
  4514 | D:6      | Killed Sigmund
  4514 | D:6      | Reached skill level 5 in Fighting
  4514 | D:6      | Reached skill level 10 in Stealth
  4520 | D:6      | Reached skill level 5 in Dodging
  4652 | D:6      | Found a sand-covered staircase.
  4759 | Ossuary  | Entered an ossuary
  5244 | D:6      | Lost mutation: You are somewhat resistant to further mutation. [potion of mutation]
  5244 | D:6      | Gained mutation: Your flesh is heat resistant. (rF+) [potion of mutation]
  5244 | D:6      | Gained mutation: Your muscles are strong. (Str +2) [potion of mutation]
  5244 | D:6      | Gained mutation: You have a pair of small antennae on your head. [potion of mutation]
  5294 | D:6      | Reached XP level 9. HP: 38/62 MP: 11/11
  5682 | D:6      | Found a burning altar of Makhleb.
  5872 | D:7      | Reached skill level 11 in Stealth
  6098 | D:7      | Reached *** piety under Okawaru
  6100 | D:7      | Reached skill level 1 in Invocations
  6602 | D:7      | Found a shattered altar of Ashenzari.
  6646 | D:7      | Noticed Joseph
  6807 | D:7      | Killed Joseph
  6807 | D:7      | Reached **** piety under Okawaru
  6807 | D:7      | Reached skill level 1 in Slings
  7425 | D:8      | Noticed a komodo dragon
  7429 | D:8      | Killed a komodo dragon
  7429 | D:8      | Reached XP level 10. HP: 61/69 MP: 13/13
  7509 | D:8      | Reached skill level 12 in Stealth
  7510 | D:8      | Noticed a two-headed ogre
  7518 | D:8      | Killed a two-headed ogre
  7518 | D:8      | Reached skill level 5 in Evocations
  7541 | D:8      | Reached ***** piety under Okawaru
  7830 | D:8      | Killed a steam dragon
  7830 | D:8      | Received a gift from Okawaru
  7871 | D:8      | Found a staircase to the Lair.
  8176 | D:8      | Found a white marble altar of Elyvilon.
  8201 | D:8      | Received a gift from Okawaru
  8217 | D:8      | Reached skill level 5 in Slings
  8661 | D:8      | Received a gift from Okawaru
  8731 | D:8      | Found a hazy altar of Hepliaklqana.
  8734 | D:8      | Found a stormy altar of Qazlal.
  8836 | D:9      | Noticed a two-headed ogre
  8844 | D:9      | Killed a two-headed ogre
  8844 | D:9      | Reached skill level 1 in Shields
  8844 | D:9      | Reached XP level 11. HP: 63/76 MP: 15/15
  8888 | D:9      | Found a flagged portal.
  8902 | Bailey   | Entered a bailey
  8964 | Bailey   | Noticed an orc knight
  8965 | Bailey   | Noticed an orc knight
  9011 | Bailey   | Learned a level 3 spell: Regeneration
  9015 | Bailey   | Learned a level 3 spell: Spectral Weapon
  9018 | Bailey   | Learned a level 2 spell: Song of Slaying
  9025 | Bailey   | Killed an orc knight
  9116 | Bailey   | Killed an orc knight
  9461 | D:9      | Got a bloodstained war axe
  9475 | D:9      | Identified the +7 war axe of Blind Justice {vamp, +Blink +Rage} (You found it on level 9 of the Dungeon)
  9840 | D:9      | Reached skill level 1 in Axes
 10012 | D:9      | Noticed a cyclops
 10019 | D:9      | Killed a cyclops
 10078 | D:10     | Entered Level 10 of the Dungeon
 10127 | D:10     | Found a staircase to the Orcish Mines.
 11418 | D:11     | Received a gift from Okawaru
 11685 | D:11     | Reached skill level 5 in Shields
 12031 | D:11     | Noticed a six-headed hydra
 12206 | D:12     | Reached XP level 12. HP: 25/83 MP: 16/16
 12434 | D:12     | Received a gift from Okawaru
 12790 | D:12     | Found a portal to a secret trove of treasure.
 12790 | D:12     | Noticed Harold
 12803 | D:12     | Killed Harold
 12803 | D:12     | Received a gift from Okawaru
 12803 | D:12     | Reached skill level 5 in Axes
 13263 | D:12     | Noticed Nessos
 13265 | D:12     | Noticed Nessos
 13265 | D:12     | Nessos changed into Nessos the moth of wrath
 13270 | D:12     | Killed Nessos the moth of wrath
 13282 | D:12     | Gained mutation: You have a pair of antennae on your head. [mutagenic meat]
 13283 | D:12     | Gained mutation: Your muscles are very strong. (Str +4) [mutagenic meat]
 13284 | D:12     | Gained mutation: You have a pair of large antennae on your head. (SInv) [mutagenic meat]
 13446 | D:12     | Noticed Snorg
 13462 | D:12     | Received a gift from Okawaru
 13541 | D:12     | Killed Snorg
 13567 | D:12     | Received a gift from Okawaru
 13571 | D:12     | Gained mutation: You have an increased reservoir of magic. (+10% MP) [mutagenic meat]
 14051 | D:13     | Noticed an eight-headed hydra
 14153 | Orc:1    | Entered Level 1 of the Orcish Mines
 14277 | Orc:1    | Noticed Gastronok
 14317 | Orc:1    | Killed Gastronok
 14317 | Orc:1    | Reached ****** piety under Okawaru
 14734 | Orc:2    | Entered Level 2 of the Orcish Mines
 14742 | Orc:2    | Found Kuadyimy's Distillery.
 14766 | Orc:2    | Noticed an orc high priest
 14776 | Orc:2    | Gained mutation: You occasionally shout uncontrollably at your foes. [a neqoxec]
 14777 | Orc:2    | Killed an orc high priest
 14831 | Orc:2    | Found a staircase to the Elven Halls.
 14914 | Orc:2    | Noticed Rrauwl's ghost (adept FoFi)
 15610 | Orc:2    | Noticed an orc high priest
 15616 | Orc:2    | Killed an orc high priest
 15696 | Orc:2    | Noticed an orc high priest
 15701 | Orc:2    | Noticed an orc high priest
 15712 | Orc:2    | Reached XP level 13. HP: 90/90 MP: 16/19
 15726 | Orc:2    | Found a roughly hewn altar of Beogh.
 15778 | Orc:2    | Killed Rrauwl's ghost
 15778 | Orc:2    | Received a gift from Okawaru
 15779 | Orc:2    | Got a brightly glowing buckler {god gift}
 15790 | Orc:2    | Identified the +0 buckler of Exclusion {+Fly Int+3} (Okawaru gifted it to you on level 2 of the Orcish Mines)
 15832 | Orc:2    | Found Izarghi's Magic Scroll Emporium.
 15832 | Orc:2    | Found Qauco's Assorted Antiques.
 15837 | Orc:2    | Bought a scroll of teleportation for 42 gold pieces
 15968 | Orc:2    | Found Xuety's Magic Scroll Emporium.
 15968 | Orc:2    | Found Kiewkilu's Assorted Antiques.
 15973 | Orc:2    | Bought a scroll of teleportation for 51 gold pieces
 15982 | Orc:2    | Bought a runed garnet ring for 140 gold pieces
 15983 | Orc:2    | Bought a crystal fustibalus for 560 gold pieces
 15983 | Orc:2    | Identified the +6 fustibalus of the Horn {venom, +Blink Int+4 Dex-5} (You bought it in a shop on level 2 of the Orcish Mines)
 16004 | Orc:2    | Bought a scroll of blinking for 127 gold pieces
 16035 | Orc:2    | Bought a scroll of blinking for 105 gold pieces
 16175 | Orc:1    | HP: 1/90 [orc priest/divine providence (15)]
 16832 | Lair:1   | Entered Level 1 of the Lair of Beasts
 16999 | Lair:1   | Reached skill level 10 in Dodging
 18199 | Lair:3   | Found a staircase to the Swamp.
 18408 | Lair:3   | Learned a level 4 spell: Summon Lightning Spire
 18448 | Lair:4   | Reached skill level 10 in Fighting
 18479 | Lair:4   | Reached skill level 1 in Spellcasting
 18495 | Lair:4   | Identified a scroll of acquirement
 18498 | Lair:4   | Got a translucent buckler
 18509 | Lair:4   | Identified the +1 buckler of Repulsion {Int+2 SInv} (You acquired it on level 4 of the Lair of Beasts)
 18548 | Lair:4   | Reached skill level 1 in Air Magic
 18591 | Lair:4   | Reached skill level 1 in Charms
 18591 | Lair:4   | Reached skill level 1 in Summonings
 18630 | Lair:4   | Noticed Josephine
 19025 | Lair:4   | Reached skill level 1 in Necromancy
 19072 | Lair:4   | Received a gift from Okawaru
 19073 | Lair:4   | Got a polished hunting sling {god gift}
 19128 | Lair:4   | Slain by a wolf

Vault maps used:
D:1:      mrwooster_arrival_statue
D:2:      lemuel_doored_altar, first_bread, lemuel_blue_sif_altar,
          uniq_crazy_yiuf_cottage, uniq_natasha
D:3:      portal_sewer_entry_d, uniq_terence
D:4:      nicolae_temple_entry_ecumenical, uniq_robin, uniq_blork_the_orc,
          uniq_ijyb, uniq_duvessa
D:5:      lemuel_coloured_pillars_altar, lemuel_angel_altar
D:6:      makhleb_blood_cavern_becter, nicolae_ossuary_entry_false_entrances,
          kennysheep_generic_room_8, uniq_sigmund
D:7:      ashenzari_conservatory_becter, grunt_livestock, minmay_misc_feat_room,
          uniq_joseph
D:8:      lemuel_upstairs_altar, minitemple, erik_lair_dragon, serial_curves,
          eino_curves_01, eino_curves_04, grunt_ministairs_1,
          minmay_misc_feat_plants
D:9:      enter_bailey_3, lightli_minifort
D:10:     hiddenorc2_lemuel, st_stairs_8
D:12:     nicolae_trove_entry_path_of_doom, uniq_snorg, uniq_harold, uniq_nessos
D:13:     lightli_vaults_fourway_checkpoint
Temple:   regret_index_temple_waves
Lair:1:   infiniplex_staircase_pool, grunt_megastairs_2
Lair:2:   minmay_lair_oklob_chamber, grunt_megastairs_4
Lair:3:   minmay_swamp_entry_worms, special_room
Lair:4:   nicolae_spider_entry_tight_spaces, serial_bayou_pond_b,
          grunt_forest_large_clearings, uniq_josephine
Orc:1:    nicolae_orc_stony_grotto, uniq_gastronok
Orc:2:    st_orc_town, serial_shops, nicolae_shop_stone
Sewer:    sewer_co_cracked_pipes
Ossuary:  ossuary_the_hunt_dpeg
Bailey:   bailey_polearm_1, bailey

Skill      XL: |  1  2  3  4  5  6  7  8  9 10 11 12 13 |
---------------+----------------------------------------+-----
Stealth        | 2 4 5 7 8 9 10 11 12 | 12.9
Fighting       | 2 4 5 6 7 8 9 10 | 10.0
Dodging        | 4 5 6 7 8 9 10 | 10.5
Invocations    | 3 4 |  4.3
Evocations     | 4 6 |  6.3
Slings         | 2 5 6 |  6.1
Shields        | 1 5 8 |  8.9
Axes           | 4 7 9 |  9.8
Spellcasting   | 1 |  1.7
Air Magic      | 1 |  1.5
Charms         | 1 |  1.6
Summonings     | 1 |  1.6
Necromancy     | 1 |  1.3
Short Blades   | |  1.8

Action                   |  1- 3 |  4- 6 |  7- 9 | 10-12 | 13-15 || total
-------------------------+-------+-------+-------+-------+-------++-------
Melee: Short sword       |     4 |    63 |   214 |    98 |       ||   379
       Dagger            |    27 |     2 |       |       |       ||    29
       Constrict         |     7 |    15 |    56 |   111 |    45 ||   234
       Tentacles         |     3 |     7 |    40 |   133 |    75 ||   258
       War axe           |       |       |       |   462 |   306 ||   768
       Punch             |       |       |       |     5 |     3 ||     8
 Fire: Fustibalus        |       |       |       |    52 |       ||    52
Invok: Heroism           |       |       |       |     5 |     3 ||     8
       Finesse           |       |       |       |       |     1 ||     1
 Abil: Evoke Berserk Rag |       |       |       |     3 |     1 ||     4
       Evoke Blink       |       |       |       |       |     2 ||     2
Evoke: Wand              |     1 |     2 |    16 |    41 |     7 ||    67
       Box of beasts     |       |       |       |     1 |     4 ||     5
  Use: Scroll            |       |     1 |    19 |    13 |     9 ||    42
       Potion            |       |       |     4 |     7 |     8 ||    19
 Stab: Sleeping          |     6 |    16 |    24 |    33 |    10 ||    89
       Paralysed         |       |     4 |       |       |       ||     4
       Distracted        |       |     1 |       |     5 |     3 ||     9
       Confused          |       |       |       |     3 |     1 ||     4
  Eat: Chunk             |       |     2 |    10 |    26 |     5 ||    43
       Royal jelly       |       |     1 |     1 |     7 |     4 ||    13
       Bread ration      |       |       |     1 |       |     1 ||     2
Armor: Skin              |     2 |     5 |    10 |     5 |    11 ||    33
Dodge: Dodged            |    15 |    32 |   152 |   513 |   347 ||  1059
Block: Buckler           |       |       |       |   190 |   170 ||   360
       Reflection        |       |       |       |     4 |       ||     4
       Shield            |       |       |       |     3 |       ||     3
